Unix NetHack Version 5.0.0-0 post-release - last build May  4 2026 22:22:43 (774f63e81ad911689b3a0859ea89b322d5daca8d,branch:main).

Game began 2026-05-07 10:15:58, ended 2026-05-07 10:30:33.

01246791210, neutral male human Barbarian

                                                           #
                                                         --|----        ------
                                                        #-..>..|       #-.+?[|
                                                        #|.(...|       #|./)!|
          ---------------            ----------------   #-.....-#      #|.?*?|
          |.............|            |.........`....|   #-------#      #------
          |.............-#           |..............|   #       #      ##
          |.............|#           |........[.....|   #       #       #
          |......<......|#           |..............|   #       #       #
          |.............|#           -----------|-.--   #      ##       #
          ---------------#                      ###     #      #        #
                         #####                  ##      #      #--------#
                             #              ######      #      #-......|#
                             #            ###    ###    #       |......|#
                             # ##################%@##`  #       |......-#
                             ####    ######      -d--|--#       |......|
                                #  --+--   ######...^..|#       |......|
                                ###|{.!|   #     |^.^..|#       --------
                                  #....-####     |^....-#
                                   ---.-         -------
                                      #
01246791210 the Pillager   St:16 Dx:17 Co:18 In:9 Wi:7 Ch:6  Neutral
Dlvl:2  $:32 HP:0(33) Pw:6(6) AC:9  Xp:3 T:2736  Fainted  Deaf

Latest messages:
 You regain consciousness.
 You can hear again.
 You faint from lack of food.
 You regain consciousness.
 You can hear again.
 You faint from lack of food.
 You regain consciousness.
 You faint from lack of food.
 You regain consciousness.
 You faint from lack of food.
 You regain consciousness.
 You faint from lack of food.
 You regain consciousness.
 You can hear again.
 You hear someone cursing shoplifters.
 You see here an acid blob corpse.
 The jackal bites!
 You faint from lack of food.
 The jackal bites!
 The jackal bites!
 The jackal bites!
 The jackal bites!
 The jackal bites!
 The jackal bites!
 The jackal bites!
 The jackal bites!
 The jackal bites!
 The jackal bites!
 The jackal bites!
 The jackal bites!
 The jackal bites!
 The jackal bites!
 The jackal bites!
 The jackal bites!
 The jackal bites!
 The jackal bites!
 You regain consciousness.
 The jackal bites!
 You faint from lack of food.
 The jackal bites!
 The jackal bites!
 The jackal bites!
 The jackal bites!
 The jackal bites!
 You die...
 Do you want your possessions identified? [ynq] (y) n
 Do you want to see your attributes? [ynq] (y) n
 Do you want an account of creatures vanquished? [ynaq] (y) n
 Do you want to see your conduct and achievements? [ynq] (y) n
 Do you want to see the dungeon overview? [ynq] (y) n

Inventory:
 Coins    ('$')
  $ - 32 gold pieces
 Weapons  (')')
  g - a cursed +0 sling
  a - a rusty +0 battle-axe (weapon in hands)
  b - a +0 short sword (alternate weapon; not wielded)
 Armor    ('[')
  c - an uncursed very rusty +0 ring mail (being worn)
 Comestibles  ('%')
  r - an uncursed food ration
  p - an uncursed lichen corpse
 Spellbooks  ('+')
  n - an uncursed spellbook of fireball
 Potions  ('!')
  o - an uncursed potion of paralysis
 Wands    ('/')
  i - a wand of stasis (0:5)
 Tools    ('(')
  q - an uncursed locked large box containing 1 item
  j - an uncursed credit card
  e - a cursed tin opener

Contents of the large box:
  an uncursed scroll of enchant weapon

01246791210 the Barbarian's attributes:

Background:
 You were a Pillager, a level 3 male human Barbarian.
 You were neutral, nominally on a mission for Crom
 who was opposed by Mitra (lawful) and Set (chaotic).
 You were right-handed.
 You were in the Dungeons of Doom, on level 2.
 You entered the dungeon 2736 turns ago.
 You had 64 experience points, 16 more were needed to attain level 4.

Basics:
 You had 0 out of 33 hit points.
 You had all 6 energy points (spell power).
 Your armor class was 9.
 Your wallet contained 32 zorkmids.
 Autopickup was off.

Final Characteristics:
 Your strength was 16 (base:17, peak:18, limit:18/100).
 Your dexterity was 17 (limit:18).
 Your constitution was 18 (limit:18).
 Your intelligence was 9 (limit:18).
 Your wisdom was 7 (limit:18).
 Your charisma was 6 (limit:18).

Final Status:
 You were deaf.
 You were fainted due to starvation.
 You were unencumbered.
 You were wielding an axe.
 You had basic skill with axe.

Final Attributes:
 You were piously aligned.
 You were poison resistant.
 You were warded.
 You are dead.

Miscellaneous:
 You didn't encounter any bones levels.
 Total elapsed playing time was 14 minutes and 34 seconds.

Major events:
 Turn
    1: 01246791210 the neutral male human Barbarian entered the dungeon
 1744: attained the rank of Pillager (level 3)
 2736: killed by a jackal, while fainted from lack of food

You didn't know any spells.

Skills:
 Fighting Skills
   bare handed combat [Basic]
   two weapon combat  [Unskilled]
   riding             [Unskilled]
 Weapon Skills
   dagger             [Unskilled]
   axe                [Basic]
   pick-axe           [Unskilled]
   short sword        [Basic]
   broadsword         [Unskilled]
   long sword         [Unskilled]
   two-handed sword   [Unskilled]
   saber              [Unskilled]
   club               [Unskilled]
   mace               [Unskilled]
   morning star       [Unskilled]
   flail              [Unskilled]
   hammer             [Unskilled]
   quarterstaff       [Unskilled]
   spear              [Unskilled]
   trident            [Unskilled]
   bow                [Unskilled]
 Spellcasting Skills
   attack spells      [Unskilled]
   escape spells      [Unskilled]

Voluntary challenges:
 Character rerolling was not enabled.
 You followed a strict vegan diet.
 You were an atheist.
 You were illiterate.
 You never genocided any monsters.
 You never polymorphed an object.
 You never changed form.
 You used no wishes.
Achievements:
 You entered a shop.
 You attained the rank of Pillager.

 The Dungeons of Doom: levels 1 to 3
    Level 1:
       A fountain.
    Level 2: <- You were here.
       A general store, a fountain.
       Final resting place for
          you, killed by a jackal, while fainted from lack of food.
    Level 3:
       A potion shop, a grave.


Vanquished creatures:
  2 acid blobs
  2 giant rats
  2 brown molds
  3 geckos
  2 jackals
  2 foxes
  3 goblins
  3 grid bugs
  6 lichens
  a kobold zombie
  6 newts
32 creatures vanquished.

No species were genocided or became extinct.

Game over:
                       ----------
                      /          \
                     /    REST    \
                    /      IN      \
                   /     PEACE      \
                  /                  \
                  |   01246791210    |
                  |      32 Au       |
                  |   killed by a    |
                  |      jackal      |
                  |                  |
                  |                  |
                  |       2026       |
                 *|     *  *  *      | *
        _________)/\\_//(\/(/\)/\//\/|_)_______

Goodbye 01246791210 the Barbarian...

You died in The Dungeons of Doom on dungeon level 2 with 385 points,
and 32 pieces of gold, after 2736 moves.
You were level 3 with a maximum of 33 hit points when you died.

